Map: [ESL] Data-C

Players

Serral - Winner!

  • Race: Zerg Zerg
  • Spawn Location: 9:00

Bly

  • Race: Zerg Zerg
  • Spawn Location: 3:00

Event: DreamHack SC2 Masters 2022 Atlanta (Online)

VOD

Have the link to the VOD?

Description

Time

  • Played on: Oct. 1, 2022, 1:35 p.m.
  • Length: 9:40

All games in this series

Show
View Real Time Build Order
Export as new Build Order

Serral Zerg - Winner!

Build Orders: Pool First 

Get SALT Encoding   

  12  0:00  Drone  
  13  0:12  Overlord  
  13  0:17  Drone  
  14  0:30  Drone x2  
  14  0:34  Drone  
  17  0:44  Spawning Pool  
  17  0:47  Drone  
  17  1:07  Hatchery  
  17  1:10  Drone  
  17  1:12  Extractor  
  17  1:16  Drone  
  17  1:19  Drone  
  18  1:33  Zergling x2, Queen  
  18  1:39  Drone  
  22  1:48  Overlord  
  22  2:07  Drone  
  23  2:08  Queen  
  23  2:11  Drone  
  23  2:13  Metabolic Boost  
  26  2:19  Queen, Drone  
  26  2:21  Drone  
  30  2:30  Drone  
  30  2:33  Drone  
  32  2:40  Overlord  
  32  2:41  Drone  
  32  2:43  Drone x2  
  35  2:51  Drone  
  36  3:01  Hatchery  
  36  3:03  Drone  
  36  3:09  Drone x3  
  39  3:15  Evolution Chamber  
  39  3:16  Overlord  
  39  3:17  Drone  
  39  3:19  Drone  
  40  3:21  Drone  
  40  3:24  Drone  
  40  3:25  Drone  
  43  3:33  Overlord  
  43  3:34  Zergling x2  
  44  3:40  Zerg Ground Armor Level 1  
  44  3:42  Roach Warren  
  44  3:45  Zergling x4  
  45  3:50  Drone x3  
  45  3:51  Extractor  
  45  3:52  Drone  
  48  3:59  Zergling x8  
  48  4:02  Overlord  
  53  4:10  Zergling x2  
  53  4:15  Zergling x4  
  55  4:19  Lair  
  55  4:25  Zergling x16  
  63  4:31  Overlord  
  63  4:43  Overlord  
  63  4:45  Zergling x4  
  66  4:52  Drone  
  66  4:53  Drone x7  
  66  4:55  Overlord  
  66  4:58  Overlord  
  73  5:06  Drone  
  73  5:07  Roach  
  73  5:08  Roach x3, Extractor  
  73  5:11  Roach  
  82  5:15  Overlord  
  82  5:17  Roach  
  84  5:25  Roach x4  
  92  5:30  Ravager x2  
  92  5:35  Zergling x8, Roach  
  100  5:45  Zergling x6, Roach x2  
  100  5:49  Roach x2  
  103  5:54  Overseer  
  100  6:03  Drone  
  100  6:04  Drone x5  
  106  6:05  Zerg Missile Weapons Level 1  
  106  6:13  Zergling x6  
  106  6:16  Glial Reconstitution  
  106  6:18  Zergling x2  
  110  6:24  Overseer  
  110  6:30  Roach x2  
  110  6:31  Overlord x4  
  114  6:35  Overlord  
  114  6:36  Extractor  
  114  6:38  Overlord  
  112  6:45  Overlord  
  112  6:48  Drone  
  112  6:49  Roach x5  
  117  7:02  Zergling x6, Roach x4  
  124  7:18  Roach x9  
  124  7:22  Overlord  
  142  7:25  Roach  
  144  7:33  Overlord  
  144  7:35  Roach x4  
  148  7:38  Ravager  
  148  7:42  Roach x2  
  153  7:48  Roach x3  
  159  7:55  Zergling x6, Roach x3  
  168  8:00  Overlord  
  168  8:01  Zergling x4  
  168  8:02  Zergling x2  
  168  8:04  Overseer  
  170  8:12  Roach x4  
  172  8:16  Zergling x2, Roach  
  159  8:24  Roach x4  
  155  8:34  Roach x5  
  151  8:44  Roach x5  
  151  8:50  Roach x2  
  145  8:55  Queen  
  145  8:56  Overlord  
  145  8:58  Roach x2  
  145  9:05  Roach  
  145  9:06  Roach x3  
  145  9:07  Overseer  
  147  9:12  Roach x2  
  151  9:18  Roach x3  
Show
View Real Time Build Order
Export as new Build Order

Bly Zerg 

Build Orders: Hatch First, Roach Nydus 

Get SALT Encoding   

  12  0:00  Drone  
  13  0:12  Overlord  
  13  0:18  Drone  
  14  0:30  Drone x2  
  16  0:49  Hatchery  
  15  0:52  Drone  
  15  0:55  Drone  
  17  0:58  Drone  
  18  1:09  Extractor  
  17  1:14  Spawning Pool  
  17  1:17  Drone  
  17  1:21  Drone  
  18  1:28  Drone  
  19  1:38  Drone  
  20  1:49  Drone  
  21  2:01  Queen x2, Overlord  
  21  2:02  Zergling x2  
  26  2:11  Drone  
  26  2:12  Drone  
  26  2:13  Metabolic Boost  
  28  2:22  Drone x2  
  30  2:35  Drone  
  30  2:36  Overlord  
  31  2:37  Queen  
  31  2:43  Drone x2  
  35  2:50  Lair  
  35  2:54  Drone x2  
  37  3:05  Drone x2  
  39  3:11  Drone x5  
  44  3:20  Drone, Evolution Chamber  
  44  3:22  Overlord x2  
  44  3:26  Extractor  
  44  3:27  Extractor  
  42  3:28  Extractor  
  42  3:31  Roach Warren  
  39  3:37  Drone x2  
  41  3:42  Drone x4  
  41  3:44  Drone x2  
  41  3:46  Drone  
  48  3:50  Zerg Missile Weapons Level 1  
  48  4:01  Drone x2  
  48  4:02  Drone  
  51  4:12  Glial Reconstitution  
  51  4:19  Overlord x2  
  51  4:23  Nydus Network  
  50  4:24  Roach x3  
  50  4:26  Roach  
  50  4:28  Roach  
  60  4:34  Overlord x3  
  60  4:47  Roach x3  
  60  4:48  Roach x3  
  60  4:52  Roach  
  74  4:56  Evolution Chamber  
  73  5:00  Nydus Canal  
  73  5:05  Roach x4  
  81  5:12  Evolution Chamber  
  81  5:15  Overlord  
  81  5:19  Roach x4  
  89  5:28  Roach x4  
  97  5:46  Roach x5  
  79  5:58  Roach x7  
  79  6:03  Zerg Missile Weapons Level 2  
  93  6:20  Overlord  
  93  6:29  Overlord x2  
  93  6:31  Tunneling Claws, Burrow  
  93  6:34  Hatchery  
  92  6:44  Drone x6  
  90  7:05  Roach x7  
  96  7:08  Nydus Canal  
  110  7:30  Roach x10  
  110  7:36  Hatchery  
  116  7:49  Roach x5  
  126  7:53  Nydus Canal  
  126  7:54  Roach x11  
  126  8:01  Roach x3  
  126  8:05  Roach x5, Overlord  
  120  8:16  Roach x5  
  104  8:27  Zergling x8  
  104  8:29  Roach Warren  
  63  8:43  Nydus Canal  
  51  9:01  Nydus Canal  
  49  9:09  Roach x10  
Tags
 
Add a new tag
Caveats
  • Supply blocks, unpowered buildings, or Contaminate may cause inaccurate times.
  • Supply counts are checked every 10 seconds.